 Dungeon Crawl Stone Soup version 0.30.1-11-g7821555f0a (webtiles) character file.

Game seed: 7879010944535020783

6140 Wiggles the Cleaver (level 10, -6/90 HPs)
             Began as a Minotaur Berserker on Oct 27, 2023.
             Was an Elder of Trog.
             Killed from afar by a tengu conjurer (25 damage)
             ... with a bolt of lightning
             ... on level 7 of the Dungeon.
             The game lasted 00:12:51 (7152 turns).

Wiggles the Cleaver (Minotaur Berserker)            Turns: 7152, Time: 00:12:52

Health: -6/90      AC: 20    Str: 26    XL:     10   Next: 59%
Magic:  9/9        EV: 19    Int:  4    God:    Trog [****..]
Gold:   839        SH:  5    Dex: 10    Spells: 9/9 levels left

rFire   . . .        v - +0 battleaxe
rCold   . . .        (shield currently unavailable)
rNeg    . . .        F - +0 plate armour
rPois   +            (helmet restricted)
rElec   .            p - +0 cloak
rCorr   .            y - +1 pair of gloves
SInv    .            z - +1 pair of boots
Will    .....        x - amulet of reflection Stlth
                     e - ring of poison resistance
HPRegen 0.35/turn    G - ring of the Hare {EV+10}
MPRegen 0.11/turn

%: reflection
@: on berserk cooldown, slowed, very slow
A: horns 2, retaliatory headbutt
a: Renounce Religion, Berserk, Trog's Hand, Brothers in Arms


You were on level 7 of the Dungeon.
You worshipped Trog.
Trog was greatly pleased with you.
You visited 1 branch of the dungeon, and saw 7 of its levels.
You also visited: Sewer and Bailey.

You collected 839 gold pieces.

Inventory:

Hand Weapons
 v - a +0 battleaxe (weapon)
Armour
 p - a +0 cloak (worn)
 y - a +1 pair of gloves (worn)
 z - a +1 pair of boots (worn)
 F - a +0 plate armour (worn)
Jewellery
 e - a ring of poison resistance (left hand)
 r - a ring of protection from cold
 x - an amulet of reflection (around neck)
 G - the ring of the Hare (right hand) {EV+10}
   (You found it in a bailey)

   [ring of evasion]

   EV:        It affects your evasion (+10).
Wands
 h - a wand of flame (28)
 o - a wand of roots (16)
 E - a wand of polymorph (9)
Scrolls
 b - 4 scrolls of teleportation
 i - 2 scrolls of fear
 j - a scroll of poison
 l - a scroll of vulnerability
 m - a scroll of immolation {unknown}
 n - 9 scrolls of identify {unknown}
 q - 4 scrolls of noise {unknown}
 u - a scroll of brand weapon {unknown}
 C - a scroll of blinking {unknown}
 D - 3 scrolls of fog {unknown}
Potions
 a - a potion of degeneration {unknown}
 c - 5 potions of heal wounds {unknown}
 d - a potion of mutation {unknown}
 f - 3 potions of curing
 g - 2 potions of invisibility {unknown}
 k - 2 potions of attraction {unknown}
 s - a potion of cancellation {unknown}
 t - a potion of brilliance {unknown}
 w - 2 potions of haste {unknown}
 A - 2 potions of lignification {unknown}
 B - a potion of ambrosia {unknown}


   Skills:
 + Level 8.8 Fighting
 + Level 12.5 Axes
 + Level 9.7 Armour
 + Level 5.7 Dodging
 + Level 1.7 Stealth
 + Level 5.4 Shields


You had 9 spell levels left.
You didn't know any spells.
Your spell library was empty.

Dungeon Overview and Level Annotations

Branches:
Dungeon (7/15)             Temple (0/1) D:4           Sewer (visited)
 Bailey (visited)

Altars:
Ashenzari
Dithmenos
Hepliaklqana
Nemelex Xobeh
Qazlal
Wu Jian
Xom

Shops:
D:2 *::   D:5 ?


Innate Abilities, Weirdness & Mutations

You have a pair of horns on your head.
You reflexively headbutt those who attack you in melee.


Message History

You slice the jelly!!
You kill the jelly!
Trog accepts your kill.
A white imp comes into view.
You slash the two-headed ogre!
You kill the two-headed ogre!
Trog accepts your kill.
You hear a splash. x2
You slice something!! Trog accepts your kill.
Trog appreciates your killing of a magic user.
You hear a splash. x2
Reactivating autopickup.
You feel a bit more experienced. The white imp gestures at you.
The puff of frost misses you.
Items here: ))) [ ††.
You feel a strong urge to attack something.
The white imp gestures at you. The puff of frost misses you.
You are no longer berserk.
You are exhausted.
You feel yourself slow down.
The tengu conjurer casts a spell at you.
The bolt of lightning misses you.
The electric eel shoots out a bolt of lightning at you!
The bolt of electricity hits you!
* * * LOW HITPOINT WARNING * * *
You hear a roar!
You hear a shout! x2; You hear a howl!
The tengu conjurer points at you and mumbles some strange words.
The bolt of lightning misses you.
The white imp shouts, "Get thee gone, thou beslubbering toad-spotted fleecer!"
The electric eel shoots out a bolt of lightning at you!
The bolt of electricity hits the white imp!
The white imp dies!
The bolt of electricity hits you.
* * * LOW HITPOINT WARNING * * *
The tengu conjurer gestures at you while chanting.
The bolt of lightning hits you!!
You die...

...#.#.#♣♣.♣ #♣≈≈≈~~♣.♣ ~ ♣.
..#..#.#♣.♣♣ #≈≈≈~~~♣.♣S~ ♣♣
###.##.#♣♣.♣♣#≈≈~~~.....~ ♣
##..##.# ♣..♣#≈≈~~...~... ♣♣
.......#♣.♣♣)#~~~...~≈~.. ♣♣.
.......#.♣♣♣.#~~...~≈~≈~. #♣.♣
.......#.♣...♣♣♣....###....♣♣♣.♣♣
.......# ♣.........#..[#.........
.....>.# ♣.♣♣♣♣♣@...###....♣♣♣.♣♣
.......#♣.♣ #~)...*≈Q≈~. #♣.♣
.......#♣♣ #~~~...~≈~.. ♣♣.
......)# #≈≈~~...~... ♣♣ #.#.#..#
#≈≈~~~.....~ ♣ #......#
#≈≈≈~~~♣.♣S~ ♣♣ )))....#
#♣≈≈≈~~♣.♣ ~ ♣. ')....># #######
# ##♣. )))....# #...


You could see a tengu conjurer, 2 electric eels and a battlesphere.

Vanquished Creatures
  A two-headed ogre (D:7)
  The ghost of growler the Zephyrmancer, a novice TeAE (D:7)
  Pikel (D:6)
  The ghost of monsoonserge the Covered, a novice DsWr (D:5)
  A kobold demonologist (D:7)
  Eustachio (D:6)
  Menkaure (D:6)
  Duvessa (D:4)
  6 orc warriors
  Pargi (Sewer)
  2 ice beasts
  3 black bears
  An ogre (D:5)
  2 centaurs (D:7)
  14 kobold brigands
  2 bullfrogs
  4 scorpions
  A wight (D:7)
  Dowan (D:4)
  4 howler monkeys (D:7)
  An electric eel (D:7)
  3 hounds
  3 jellies
  2 sleepcaps
  2 gnoll boudas (D:6)
  Crazy Yiuf (D:2)
  4 iguanas
  3 orc wizards (D:7)
  12 gnolls
  7 adders
  2 ufetubi
  5 worms
  3 dart slugs
  11 orcs
  3 bats
  10 endoplasms
  7 giant cockroaches
  10 goblins
  7 hobgoblins
  7 quokkas
  8 ball pythons
  6 frilled lizards
  24 kobolds
  7 rats
197 creatures vanquished.

Vanquished Creatures (others)
  A kobold brigand (D:7)
  A white imp (D:7)
2 creatures vanquished.

Grand Total: 199 creatures vanquished

Notes
Turn   | Place    | Note
-------+----------+-------------------------------------------
     0 | D:1      | Wiggles the Minotaur Berserker began the quest for the Orb.
     0 | D:1      | Reached XP level 1. HP: 19/19 MP: 0/0
   119 | D:1      | Reached XP level 2. HP: 11/27 MP: 1/1
   304 | D:1      | Found a faded altar of an unknown god.
   311 | D:1      | Reached skill level 4 in Axes
   596 | D:1      | Reached XP level 3. HP: 33/33 MP: 2/2
   695 | D:2      | Reached ** piety under Trog
  1054 | D:2      | Found Dyveph's Book Shop.
  1096 | D:2      | Found Xothaw's Book Emporium.
  1237 | D:2      | Reached XP level 4. HP: 40/41 MP: 3/3
  1250 | D:2      | Found Pash's General Store.
  1479 | D:2      | Found a runed translucent door.
  1480 | D:2      | Noticed Crazy Yiuf
  1487 | D:2      | Killed Crazy Yiuf
  1940 | D:3      | Reached skill level 5 in Axes
  2238 | D:3      | Found a glowing drain.
  2250 | Sewer    | Entered a sewer
  2335 | Sewer    | Reached XP level 5. HP: 47/47 MP: 4/4
  2345 | Sewer    | Noticed Pargi
  2351 | Sewer    | Killed Pargi
  2352 | Sewer    | Reached skill level 5 in Fighting
  2855 | D:4      | Reached XP level 6. HP: 46/56 MP: 5/5
  2901 | D:4      | Noticed Duvessa
  2901 | D:4      | Noticed Dowan
  2909 | D:4      | Killed Duvessa
  2910 | D:4      | Reached skill level 6 in Axes
  2918 | D:4      | Killed Dowan
  3001 | D:4      | Reached skill level 5 in Armour
  3107 | D:4      | Reached XP level 7. HP: 61/61 MP: 6/6
  3117 | D:4      | Reached *** piety under Trog
  3201 | D:4      | Found a staircase to the Ecumenical Temple.
  3557 | D:4      | Found a hazy altar of Hepliaklqana.
  3559 | D:4      | Found a shadowy altar of Dithmenos.
  3559 | D:4      | Noticed a shadow
  3803 | D:5      | Entered Level 5 of the Dungeon
  3827 | D:5      | Reached skill level 7 in Axes
  3845 | D:5      | Found Ankuikal's Magic Scroll Boutique.
  4400 | D:5      | Found a broken altar of Ashenzari.
  4454 | D:5      | Reached skill level 1 in Shields
  4454 | D:5      | Reached XP level 8. HP: 69/70 MP: 7/7
  4517 | D:5      | Found a runed translucent door.
  4531 | D:5      | Noticed monsoonserge's ghost (novice DsWr)
  4541 | D:5      | Killed monsoonserge's ghost
  4542 | D:5      | Reached skill level 8 in Axes
  4542 | D:5      | Reached skill level 1 in Stealth
  5042 | D:6      | Noticed Eustachio
  5058 | D:6      | Killed Eustachio
  5086 | D:6      | Found a shimmering altar of Xom.
  5205 | D:6      | Noticed Pikel
  5219 | D:6      | Killed Pikel
  5220 | D:6      | Reached skill level 9 in Axes
  5220 | D:6      | Reached skill level 5 in Dodging
  5220 | D:6      | Reached XP level 9. HP: 78/78 MP: 8/8
  5507 | D:6      | Found an ornate altar of the Wu Jian Council.
  5511 | D:6      | Noticed Menkaure
  5520 | D:6      | Killed Menkaure
  5874 | D:7      | Found a large runed translucent door.
  5880 | D:7      | Found a large runed translucent door.
  5901 | D:7      | Found a sparkling altar of Nemelex Xobeh.
  5939 | D:7      | Found a stormy altar of Qazlal.
  6050 | D:7      | Reached skill level 10 in Axes
  6141 | D:7      | Found a flagged portal.
  6152 | D:7      | Reached **** piety under Trog
  6160 | Bailey   | Entered a bailey
  6429 | Bailey   | Reached skill level 11 in Axes
  6433 | Bailey   | Reached XP level 10. HP: 42/88 MP: 9/9
  6570 | Bailey   | Found the ring of the Hare {EV+10}
  6571 | Bailey   | Found a bloodstained altar of Trog.
  6672 | D:7      | Found a runed translucent gate.
  6672 | D:7      | Found a runed translucent gate.
  6672 | D:7      | Found a runed translucent gate.
  6674 | D:7      | Noticed growler's ghost (novice TeAE)
  6689 | D:7      | Noticed a smoke demon
  6704 | D:7      | Killed growler's ghost
  6713 | D:7      | HP: 2/90 [red devil/+0 trident[a kobold demonologist] (4)]
  6719 | D:7      | Noticed a soul eater
  6984 | D:7      | Reached skill level 12 in Axes
  7013 | D:7      | Identified the +6 shortbow of Jexis {speed, Int+2}
  7013 | D:7      | Identified the +8 chain mail of Raimosch {Drain rC+++ rN+
                  | Dex+3}
  7131 | D:7      | Reached skill level 5 in Shields
  7131 | D:7      | Noticed a two-headed ogre
  7146 | D:7      | Killed a two-headed ogre
  7152 | D:7      | Killed from afar by a tengu conjurer

Illustrated notes

Levels and vault maps discovered:
D:1:      dpeg_chamrin_arrival_tetris, layout_basic,
          ebering_ecumenical_altar_petrified, serial_park_tiny_1,
          minmay_bisected
D:2:      layout_basic, serial_shops,
          nicolae_shop_temple_entry_statues_fountains, nicolae_shop_waterfront,
          shop, uniq_crazy_yiuf_cottage
D:3:      layout_basic, gup_sewer_entry_pipe
D:4:      layout_loops_corners, riverfiend_overflow_shadow_ancestor,
          minmay_temple_entry_crystal_x, chequers_serial_rivers_marsh,
          uniq_duvessa
D:5:      layout_gridville, ashenzari_conservatory_becter,
          ebering_ghost_sewer_d, serial_shops, kennysheep_mini, st_stairs_6
D:6:      layout_loops_ring, mainiacjoe_overflow_alcove_4,
          nzn_wu_jian_council_hall, uniq_menkaure, uniq_eustachio, uniq_pikel
D:7:      nzn_winding_woodlands_large [nzn_winding_woodlands_hourglass,
          nzn_winding_woodlands_5x15_sawtooth,
          nzn_winding_woodlands_5x5_checkerboard,
          nzn_winding_woodlands_center_triple_pond,
          nzn_winding_woodlands_15x15_eel_pit,
          nzn_winding_woodlands_center_lodge,
          nzn_winding_woodlands_5x5_closed_star,
          nzn_winding_woodlands_5x15_crooked,
          nzn_winding_woodlands_5x5_default], layout_rooms,
          jmf_multi_god_temple2, serial_shops, shop, enter_bailey_2,
          gammafunk_ghost_nasty_kobolds, grunt_decor_clamped

Skill      XL: |  1  2  3  4  5  6  7  8  9 10 |
---------------+-------------------------------+-----
Fighting       | 4 5 6 7 8 |  8.8
Axes           | 4 5 6 7 9 11 12 | 12.5
Armour         | 3 4 5 6 7 9 |  9.7
Dodging        | 3 4 5 |  5.7
Shields        | 1 2 4 5 |  5.4
Stealth        | 1 |  1.7

Action                     |  1- 3 |  4- 6 |  7- 9 | 10-12 || total
---------------------------+-------+-------+-------+-------++-------
  Melee: Hand axe          |    83 |    99 |   213 |       ||   395
         Headbutt          |    13 |    25 |    57 |     4 ||    99
         Punch             |       |     1 |     4 |       ||     5
         War axe           |       |       |    66 |       ||    66
         Broad axe         |       |       |    15 |       ||    15
         Battleaxe         |       |       |       |    48 ||    48
 Invoke: Berserk           |       |     3 |     6 |     2 ||    11
         Brothers in Arms  |       |       |       |     1 ||     1
    Use: Scroll            |       |       |     6 |       ||     6
         Potion            |       |       |       |     1 ||     1
 Armour: Animal skin       |     7 |       |       |       ||     7
         Ring mail         |    11 |    31 |       |       ||    42
         Leather armour    |     1 |       |       |       ||     1
         Scale mail        |       |     2 |   106 |       ||   108
         Plate armour      |       |       |    61 |    34 ||    95
  Dodge: Dodged            |    35 |    72 |   194 |    96 ||   397
  Block: Other             |       |       |    80 |    26 ||   106
         Reflection        |       |       |     3 |     4 ||     7
